 Dungeon Crawl Stone Soup version 0.20.0 (webtiles) character file.

58 TheOrbIsALie the Insei (level 3, -7/26 HPs)
             Began as a Demonspawn Transmuter on June 12, 2017.
             Mangled by a gnoll
             ... wielding a +0 halberd
              (8 damage)
             ... on level 3 of the Dungeon.
             The game lasted 00:02:59 (1552 turns).

TheOrbIsALie the Insei (Demonspawn Transmuter)      Turns: 1552, Time: 00:03:00

Health: -7/26      AC:  5    Str: 11    XL:     3   Next: 76%
Magic:  6/6        EV: 12    Int: 14    God:
Gold:   51         SH:  0    Dex: 13    Spells: 5/6 levels left

rFire    . . .     SeeInvis .     - Unarmed
rCold    . . .     Gourm    .   (no shield)
rNeg     . . .     Faith    .   b - +0 robe
rPois    .         Spirit   .   (no helmet)
rElec    .         Reflect  .   n - +0 cloak
rCorr    .         Harm     .   (no gloves)
MR       .....                  (no boots)
Stlth    +.........             (no amulet)
Regen    0.1/turn               (no ring)
MPRegen  0.1/turn               (no ring)

@: no status effects
A: yellow scales 1
a: no special abilities


You were on level 3 of the Dungeon.
You were not hungry.

You visited 1 branch of the dungeon, and saw 3 of its levels.

You collected 51 gold pieces.

Inventory:

Missiles
 a - 59 arrows
Armour
 b - a +0 robe (worn)
 n - a +0 cloak (worn)
Scrolls
 e - 2 scrolls of enchant armour {unknown}
 f - a scroll of teleportation {unknown}
 g - 3 scrolls of identify {unknown}
 m - 2 scrolls of remove curse {unknown}
 o - 2 scrolls of immolation {unknown}
 s - a scroll of recharging {unknown}
Potions
 l - a potion of curing {unknown}
 r - a potion of heal wounds {unknown}
Books
 c - a book of Changes

   Spells                             Type                      Level
   a - Beastly Appendage              Transmutation                1
   b - Sticks to Snakes               Transmutation                2
   c - Spider Form                    Transmutation/Poison         3
   d - Ice Form                       Ice/Transmutation            4
   e - Blade Hands                    Transmutation                5
Comestibles
 d - a bread ration
 i - a royal jelly
 p - a meat ration
 q - 4 fruits
 t - 2 chunks of flesh


   Skills:
 - Level 1.0 Fighting
 - Level 1.7 Dodging
 + Level 4.3 Unarmed Combat
 - Level 2.0 Spellcasting
 - Level 1.7 Transmutations


You had 5 spell levels left.
You knew the following spells:

 Your Spells              Type           Power        Failure   Level  Hunger
a - Beastly Appendage     Tmut           #.....       12%         1    ##.....


Dungeon Overview and Level Annotations

Branches:
Dungeon (3/15)

Altars:


Innate Abilities, Weirdness & Mutations

You are partially covered in yellow scales. (AC +2)


Message History

The gnoll hits you with a halberd!
You hit the gnoll. You claw the gnoll.
The gnoll is severely wounded.
Your talons disappear.
You hit the gnoll.
The gnoll is severely wounded.
The gnoll hits you with a halberd!
* * * LOW HITPOINT WARNING * * *
It was a potion of brilliance.
You feel clever all of a sudden. The gnoll hits you but does no damage.
It was a potion of agility.
You feel agile all of a sudden. The gnoll barely misses you.
It was a potion of cancellation.
Your magical effects are unravelling.
You feel magically purged.
You feel a little less clever now.
You feel a little less agile now. The gnoll hits you with a halberd!
You die...

#.g.....#
#####.### ##.#
#..# #g## #g#
#g# #g# #@#
########
#.#####
#....>..
#.....#
#.#####.
#####.# #.# #.
#.# #.# #.
#.#####.# #.
#.......#####.
#######.......
########


You could see 4 gnolls.

Vanquished Creatures
  An adder (D:2)
  A worm (D:2)
  A dart slug (D:1)
  3 leopard geckos
  7 bats
  A giant cockroach (D:1)
  6 goblins
  7 hobgoblins
  A ball python (D:2)
  A frilled lizard (D:1)
  5 kobolds
  6 rats
40 creatures vanquished.

Notes
Turn   | Place    | Note
-------+----------+-------------------------------------------
     0 | D:1      | TheOrbIsALie the Demonspawn Transmuter began the quest for the Orb.
     0 | D:1      | Reached XP level 1. HP: 15/15 MP: 3/3
    89 | D:1      | Reached skill level 3 in Unarmed Combat
   152 | D:1      | Gained mutation: You are partially covered in yellow scales. (AC +2) [demonic ancestry]
   152 | D:1      | Reached XP level 2. HP: 17/21 MP: 3/5
   702 | D:2      | Reached XP level 3. HP: 14/26 MP: 4/6
   944 | D:2      | Reached skill level 4 in Unarmed Combat
  1549 | D:3      | HP: 1/26 [gnoll/halberd (10)]
  1552 | D:3      | Mangled by a gnoll

Skill      XL: |  1  2  3 |
---------------+----------+-----
Unarmed Combat | 3 4 |  4.3
Fighting       | |  1.0
Dodging        | |  1.7
Spellcasting   | |  2.0
Transmutations | |  1.7

Action                   || total
-------------------------++-------
Melee: Unarmed           ||   144
       Kick              ||     8
       Headbutt          ||    12
       Punch             ||     3
 Cast: Beastly Appendage ||    24
  Use: Potion            ||     3
  Eat: Chunk             ||     3
Armor: Robe              ||    48
Dodge: Dodged            ||   104
